 Dungeon Crawl Stone Soup version 0.32-a0-468-g38b2580584 (webtiles) character file.

Game seed: 14343648477584751718

1546 cforsyth the Trooper (level 8, 0/61 HPs)
             Began as a Coglin Gladiator on Feb 25, 2024.
             Was a Follower of Hepliaklqana.
             Slain by a vampire (1 damage)
             ... on level 5 of the Dungeon.
             The game lasted 00:07:19 (5002 turns).

cforsyth the Trooper (Coglin Gladiator)             Turns: 5002, Time: 00:07:19

Health: 0/61       AC: 14    Str: 18    XL:     8   Next: 87%
Magic:  0/8        EV:  6    Int:  7    God:    Hepliaklqana [*.....]
Gold:   293        SH:  0    Dex: 15    Spells: 7/7 levels left

rFire   . . .        a - +0 war axe {Ruka}
rCold   . . .        l - +2 whip (venom) {Ignacio}
rNeg    . . .        f - +0 plate armour
rPois   .            c - +0 helmet
rElec   .            (no cloak)
rCorr   .            (no gloves)
SInv    .            (no boots)
Will    .....        H - amulet of guardian spirit Stlth
                     (ring unavailable)
HPRegen 0.30/turn    (ring unavailable)
MPRegen 0.11/turn

%: guardian spirit
@: attractive, hasted, revving, very quick
A: reduced essence, off-hand wielding, slow wielding, warmup strikes, no rings
a: Renounce Religion, Recall Ancestor, Ancestor Identity


You were on level 5 of the Dungeon.
You worshipped Hepliaklqana.
Hepliaklqana was aware of your devotion.
You visited 2 branches of the dungeon, and saw 7 of its levels.

You collected 293 gold pieces.


Innate Abilities, Weirdness & Mutations

Your life essence is reduced to manifest your ancestor. (-10% HP)
You can wield a second weapon in your off-hand.
It takes a long time for you to wield or remove held weapons.
Your first few attacks do less damage.
Your grasper-arms cannot wear rings.


   Skills:
 + Level 7.9 Fighting
 - Level 3.0 Axes
 - Level 1.7 Throwing
 + Level 6.9 Armour
 - Level 2.6 Dodging


You had 7 spell levels left.
You didn't know any spells.
Your spell library contained the following spells:

 Spells                   Type           Power      Damage    Failure   Level
 Apportation              Tloc           0%         N/A       100%        1
 Necrotise                Necr           0%         1d4       100%        1
 Slow                     Hex            0%         N/A       100%        1
 Sting                    Conj/Alch      0%         1d3       100%        1
 Summon Small Mammal      Summ           0%         N/A       100%        1
 Call Imp                 Summ           0%         N/A       100%        2
 Ensorcelled Hibernation  Hex/Ice        0%         N/A       100%        2
 Sublimation of Blood     Necr           0%         N/A       100%        2
 Confusing Touch          Hex            0%         N/A       100%        3
 Passwall                 Erth           0%         N/A       100%        3
 Sigil of Binding         Hex            0%         N/A       100%        3
 Swiftness                Air            0%         N/A       100%        3
 Vampiric Draining        Necr           0%         2d6       100%        3
 Summon Hydra             Summ           0%         N/A       100%        7

Inventory:

Hand Weapons
 a - a +0 war axe (weapon) {Ruka}
 l - a +2 whip of venom (offhand) {Ignacio}
Missiles
 d - 3 throwing nets (quivered) {=f}
 e - a javelin
 n - 2 silver javelins
Armour
 b - a +0 leather armour
 c - a +0 helmet (worn)
 f - a +0 plate armour (worn)
 k - a +0 pair of gloves
 o - a +1 scale mail of willpower
 x - a +0 pair of boots
Jewellery
 H - an amulet of guardian spirit (around neck)
Wands
 u - a wand of polymorph (5)
 E - a wand of charming (4)
Scrolls
 g - 3 scrolls of identify {unknown}
 h - 2 scrolls of vulnerability {unknown}
 i - a scroll of blinking {unknown}
 j - 3 scrolls of poison {unknown}
 m - a scroll of summoning {unknown}
 p - 2 scrolls of noise {unknown}
 s - 5 scrolls of teleportation {unknown}
 t - a scroll of torment {unknown}
 v - 2 scrolls of fear {unknown}
 w - a scroll of revelation {unknown}
 y - a scroll of immolation {unknown}
 G - a scroll of enchant weapon {unknown}
 I - a scroll of enchant armour {unknown}
Potions
 q - 2 potions of curing {@q1}
 r - a potion of might {unknown}
 B - a potion of resistance {unknown}
 D - a potion of mutation {unknown}
 F - a potion of lignification {unknown}

Dungeon Overview and Level Annotations

Branches:
Dungeon (6/15)             Temple (1/1) D:4

Altars:
Ashenzari
Cheibriados
Dithmenos
Fedhas
Gozag
Hepliaklqana
Makhleb
Nemelex Xobeh
Okawaru
Qazlal
Ru
Sif Muna
Trog
Uskayaw
Vehumet
Wu Jian
Xom
Yredelemnul
Zin
The Shining One

Shops:
D:5

* R#.)## #...##..##... ###[>##
##...###..#... # ##.[##
##.....###..... # ##..###
#.......##..... ##....##
#.......#..)... #....R.##
#.......#...#.. #.....§.##
##...<.....##..
###..##§.########.........##†#
######§§§..@...............#
##.....####.....#....##
##..##### ##....##.<## ##..##
########.# ##..## #.## ###
##..## ##..# ..## ##..##
##...## ...###..## #......
....#..## #......


There were no monsters in sight!


Message History

Something bites you.
* * * LOW HITPOINT WARNING * * *
Something draws strength from your injuries!
Hynt hits something but does no damage.
Something hits you.
* * * LOW HITPOINT WARNING * * *
Something bites you.
* * * LOW HITPOINT WARNING * * *
Something draws strength from your injuries!
Unknown command.
Unknown command.
It was a potion of haste.
You feel yourself speed up. Something hits you but does no damage.
Something bites you but does no damage. Something is attracted toward you.
Things that are here:
a +0 robe; a +0 dagger; an orc corpse Something hits you but does no damage.
Something completely misses you. Something is attracted toward you.
A vampire appears from thin air!
Reactivating autopickup.
The vampire is attracted toward you.
The vampire mumbles some strange words.
The vampire flickers and vanishes!
Deactivating autopickup; reactivate with Ctrl-A.
Something is attracted toward you. Something is attracted toward you.
Something hits you!
* * * LOW HITPOINT WARNING * * *
Something bites you.
You die...
Hepliaklqana delivers you to your ancestors.

Skill      XL: |  1  2  3  4  5  6  7 |
---------------+----------------------+-----
Armour         | 1 2 3 4 6 |  6.9
Fighting       | 3 4 5 7 |  7.9
Axes           | |  3.0
Throwing       | |  1.7
Dodging        | |  2.6

Action                     |  1- 3 |  4- 6 |  7- 9 || total
---------------------------+-------+-------+-------++-------
  Melee: War axe           |    71 |    82 |   135 ||   288
         Whip              |       |    44 |   135 ||   179
    Use: Potion            |       |       |     4 ||     4
   Stab: Sleeping          |     1 |       |       ||     1
 Armour: Leather armour    |    27 |       |       ||    27
         Plate armour      |    19 |    70 |   188 ||   277
  Dodge: Dodged            |    42 |    29 |    40 ||   111

Levels and vault maps discovered:
D:1:      nzn_arrival_settlement, layout_basic,
          shapermc_ecumenical_altar_rom_forum
D:2:      layout_basic, basic_altar
D:3:      minmay_razor_zed, layout_basic, nicolae_ru_the_path_less_chosen,
          kennysheep_cross_room, uniq_jessica, uniq_natasha, uniq_grinder
D:4:      layout_rooms, nicolae_overflow_hidden_temple,
          minmay_temple_entry_statues_fountains, minmay_stone_trees_small,
          uniq_pikel
D:5:      layout_cave_pods, serial_shops, shop_statue
D:6:      layout_layer_cave, lemuel_mausoleum_altar_kikubaaqudgha
Temple:   minmay_crystal_spiral_temple

Notes
Turn   | Place    | Note
-------+----------+-------------------------------------------
     0 | D:1      | cforsyth the Coglin Gladiator began the quest for the Orb.
     0 | D:1      | Reached XP level 1. HP: 16/16 MP: 1/1
    91 | D:1      | Found a faded altar of an unknown god.
   107 | D:1      | Got Plato's Collected Works on Invitation
   190 | D:1      | Reached XP level 2. HP: 23/23 MP: 2/2
   193 | D:1      | Reached skill level 1 in Armour
   423 | D:1      | Reached XP level 3. HP: 21/28 MP: 3/3
   805 | D:2      | Reached skill level 3 in Fighting
   830 | D:2      | Reached skill level 2 in Armour
   853 | D:2      | Reached XP level 4. HP: 31/35 MP: 4/4
  1190 | D:2      | Found a shimmering altar of Xom.
  1263 | D:2      | Reached XP level 5. HP: 42/42 MP: 5/5
  1489 | D:2      | Reached skill level 4 in Fighting
  1525 | D:2      | Reached skill level 3 in Armour
  1752 | D:3      | Noticed Natasha
  1760 | D:3      | Killed Natasha
  1813 | D:3      | Noticed Natasha
  1818 | D:3      | Killed Natasha
  1819 | D:3      | Reached XP level 6. HP: 49/49 MP: 6/6
  1892 | D:3      | Found a sacrificial altar of Ru.
  1905 | D:3      | Noticed Grinder
  1924 | D:3      | Paralysed by Grinder for 5 turns
  1931 | D:3      | Killed Grinder
  1932 | D:3      | Reached skill level 5 in Fighting
  1932 | D:3      | Reached skill level 4 in Armour
  1932 | D:3      | Reached XP level 7. HP: 36/56 MP: 7/7
  2044 | D:3      | Noticed Natasha
  2058 | D:3      | Killed Natasha
  2203 | D:3      | Noticed Jessica
  2206 | D:3      | Killed Jessica
  2667 | D:4      | Found a staircase to the Ecumenical Temple.
  2674 | D:4      | You fall into a shaft and drop 2 floors!
  2695 | D:5      | Entered Level 5 of the Dungeon
  3081 | D:5      | Reached skill level 5 in Armour
  3107 | D:4      | Reached skill level 6 in Fighting
  3413 | D:4      | Found a glowing golden altar of the Shining One.
  3415 | D:4      | Found a shimmering blue altar of Sif Muna.
  3466 | Temple   | Entered the Ecumenical Temple
  3542 | Temple   | Became a worshipper of Hepliaklqana the Forgotten
  3740 | D:4      | Noticed Pikel
  3853 | D:4      | Killed Pikel
  3854 | D:4      | Reached skill level 7 in Fighting
  3854 | D:4      | Reached skill level 6 in Armour
  3854 | D:4      | Reached XP level 8. HP: 54/67 MP: 8/8
  4233 | D:5      | Reached * piety under Hepliaklqana
  4275 | D:5      | Found Ujiuf's General Store.
  4800 | D:6      | Noticed a vampire
  5002 | D:5      | HP: 1/61 [something (9)]
  5002 | D:5      | Slain by a vampire

Vanquished Creatures
  Pikel (D:4)
  Grinder (D:3)
  A water moccasin (D:5)
  2 lemures (D:4)
  A scorpion (D:5)
  2 hounds
  3 orc priests
  A bombardier beetle (D:6)
  A jelly (D:5)
  Jessica (D:3)
  Natasha (thrice) (D:3)
  3 orc wizards
  7 gnolls
  9 adders
  6 dart slugs
  2 ribbon worms
  15 orcs
  4 ball pythons
  9 endoplasms
  7 giant cockroaches
  8 goblins
  9 hobgoblins
  3 jackals
  6 quokkas
  5 bats
  3 frilled lizards
  10 kobolds
  4 rats
127 creatures vanquished.

Vanquished Creatures (collateral kills)
  A black bear (D:6)
1 creature vanquished.

Vanquished Creatures (others)
  An ancestor (D:6)
1 creature vanquished.

Grand Total: 129 creatures vanquished

Table legend: (Time is in decaauts)
 A = Elapsed time spent in this place.
 B = Non-inter-level travel time spent in this place.
 C = Inter-level travel time spent in this place.
 D = Time resting spent in this place.
 E = Time spent auto-exploring this place.
 F = Levels seen in this place.
 G = Mean time per level.
                   A        B        C        D        E       F      G
               +--------+--------+--------+--------+--------+-----+--------+
         Total |   5076 |   4805 |    271 |    772 |   3030 |   7 |  725.1 |
       Dungeon |   4923 |   4792 |    131 |    772 |   3030 |   6 |  820.5 |
        Temple |    152 |     12 |    140 |      0 |      0 |   1 |  152.0 |
               +--------+--------+--------+--------+--------+-----+--------+

Top non-repeatable levels by time:
     D:5: 1217 daAuts
     D:3: 1139 daAuts
     D:1: 855 daAuts
     D:4: 771 daAuts
     D:2: 720 daAuts
     D:6: 219 daAuts
  Temple: 152 daAuts

Table legend:
 A = Non-vault XP
 B = Vault XP
 C = Vault XP percentage of total XP
 D = Non-vault monster count
 E = Vault monster count
 F = Vault count percentage of total count
                 A         B        C        D         E       F
            +---------+---------+-------+---------+---------+-------
      Total |    1192 |    1017 |  46.0 |     109 |      17 |  13.5
            +---------+---------+-------+---------+---------+-------
        D:1 |      62 |       0 |   0.0 |      24 |       0 |   0.0
        D:2 |     154 |       0 |   0.0 |      31 |       0 |   0.0
        D:3 |     108 |     410 |  79.2 |      12 |      16 |  57.1
        D:4 |     161 |     607 |  79.0 |      21 |       1 |   4.5
        D:5 |     446 |       0 |   0.0 |      14 |       0 |   0.0
        D:6 |     261 |       0 |   0.0 |       7 |       0 |   0.0
            +---------+---------+-------+---------+---------+-------
